 Dungeon Crawl Stone Soup version 0.24-a0-22-g2a401c0 (console) character file.

Game seed: 6379959444630483054

345 Voker57 the Slasher (level 6, -1/48 HPs)
             Began as a Demonspawn Gladiator on Feb 1, 2019.
             Slain by Menkaure (14 damage)
             ... on level 4 of the Dungeon.
             The game lasted 00:04:07 (3244 turns).

Voker57 the Slasher (Demonspawn Gladiator)          Turns: 3244, Time: 00:04:08

Health: -1/48      AC:  4    Str: 14    XL:     6   Next: 32%
Magic:  6/6        EV: 14    Int: 10    God:
Gold:   163        SH:  0    Dex: 16    Spells: 5/5 levels left

rFire    + . .     SeeInvis .   a - +0 long sword
rCold    . . .     Gourm    .   (no shield)
rNeg     . . .     Faith    .   r - +0 leather armour
rPois    .         Spirit   .   c - +0 helmet
rElec    .         Reflect  .   (no cloak)
rCorr    .         Harm     .   (no gloves)
MR       .....                  (no boots)
Stlth    +.........             (no amulet)
HPRegen  0.16/turn              (no ring)
MPRegen  0.10/turn              (no ring)

@: no status effects
A: talons 1, fire resistance 1, spiny 1
a: no special abilities


You were on level 4 of the Dungeon.
You were hungry.

You visited 1 branch of the dungeon, and saw 4 of its levels.

You collected 163 gold pieces.

Inventory:

Hand Weapons
 a - a +0 long sword (weapon)
 b - a +0 dagger of venom
Armour
 c - a +0 helmet (worn)
 r - a +0 leather armour (worn)
Jewellery
 m - an uncursed amulet of rage {unknown}
Scrolls
 e - 3 scrolls of identify {unknown}
 g - 3 scrolls of teleportation {unknown}
 h - a scroll of fear {unknown}
 i - a scroll of remove curse {unknown}
 j - a scroll of noise {unknown}
 q - a scroll of blinking {unknown}
Potions
 k - 2 potions of degeneration {unknown}
 l - a potion of brilliance {unknown}
 n - a potion of berserk rage {unknown}
 o - a potion of mutation {unknown}
 p - a potion of flight {unknown}
 s - a potion of haste {unknown}
Comestibles
 f - 10 rations


   Skills:
 + Level 3.7 Fighting
 * Level 5.0 Long Blades
 - Level 1.8 Throwing
 + Level 3.9 Dodging


You had 5 spell levels left.
You didn't know any spells.
Your spell library was empty.

Dungeon Overview and Level Annotations

Branches:
Dungeon (4/15)
 Temple: D:4-7

Altars:

Annotations:
D:4 Menkaure


Innate Abilities, Weirdness & Mutations

You have sharp toenails.
Your flesh is heat resistant. (rF+)
You are partially covered in sharp spines.


Message History

Menkaure is moderately damaged.
Menkaure struggles against the net.
You hit Menkaure. You claw Menkaure, but do no damage.
Menkaure is heavily damaged.
Menkaure struggles against the net.
The net rips apart, and Menkaure comes free!
You hit Menkaure. Your kick misses Menkaure.
Menkaure is severely damaged.
Menkaure points at you and mumbles some strange words.
Pain shoots through your body!
Menkaure calls on the powers of darkness!
Your body is wracked with pain!
* * * LOW HITPOINT WARNING * * *
Throwing (i - inventory)
d - a throwing net (quivered)
Press: ? - help, Shift-Dir - straight line, f/p - Menkaure
Aim: Menkaure (severely damaged, fast)
You throw a throwing net.
The throwing net barely misses Menkaure.
Menkaure is struck by your spines. Menkaure hits you!
You die...

##.#...####
#.....##
#..##.#
#..##.#
#...#.#
#.#.#.#
#...#.#
#.....#
##.#### #@#
#M# #.# #(.
###


You could see Menkaure.

Vanquished Creatures
  An ogre (D:4)
  An orc wizard (D:4)
  A worker ant (D:2)
  A killer bee zombie (D:3)
  3 adders
  8 gnolls (D:3)
  An ooze (D:2)
  A worm (D:2)
  4 dart slugs (D:1)
  A leopard gecko (D:3)
  4 orcs (D:4)
  6 bats
  3 giant cockroaches
  10 goblins
  5 hobgoblins
  5 jackals
  6 kobolds
  3 quokkas
  A ball python (D:3)
  3 frilled lizards
  7 rats
75 creatures vanquished.

Notes
Turn   | Place    | Note
-------+----------+-------------------------------------------
     0 | D:1      | Voker57 the Demonspawn Gladiator began the quest for the
                  | Orb.
     0 | D:1      | Reached XP level 1. HP: 16/16 MP: 1/1
    90 | D:1      | Reached skill level 3 in Long Blades
    90 | D:1      | Gained mutation: Your flesh is heat resistant. (rF+)
                  | [demonic ancestry]
    90 | D:1      | Reached XP level 2. HP: 13/22 MP: 2/2
   256 | D:1      | Reached XP level 3. HP: 27/28 MP: 3/3
  1015 | D:2      | Gained mutation: You have sharp toenails. [demonic
                  | ancestry]
  1015 | D:2      | Reached XP level 4. HP: 28/34 MP: 4/4
  1931 | D:3      | Reached skill level 4 in Long Blades
  2068 | D:3      | Reached XP level 5. HP: 18/41 MP: 5/5
  2925 | D:4      | Noticed an ogre
  2935 | D:4      | Killed an ogre
  2935 | D:4      | Gained mutation: You are partially covered in sharp spines.
                  | [demonic ancestry]
  2935 | D:4      | Reached XP level 6. HP: 20/47 MP: 6/6
  3123 | D:4      | Reached skill level 5 in Long Blades
  3183 | D:4      | Noticed Menkaure
  3244 | D:4      | Slain by Menkaure

Vault maps used:
D:1:      saegor_arrival_simple_a, nrook_uturn, serial_bayou_pond_e
D:2:      minmay_tetromino_o4
D:4:      first_ration, cheibriados_altar_1, uniq_edmund, uniq_menkaure

Skill      XL: |  1  2  3  4  5  6 |
---------------+-------------------+-----
Long Blades    | 3 4 5 |  5.0
Dodging        | 3 |  3.9
Fighting       | 3 |  3.7
Throwing       | |  1.8

Action                   |  1- 3 |  4- 6 || total
-------------------------+-------+-------++-------
Melee: Long sword        |    91 |   114 ||   205
       Kick              |       |    44 ||    44
Throw: Throwing net      |       |     9 ||     9
  Use: Potion            |     2 |       ||     2
 Stab: Distracted        |       |     1 ||     1
       Held in net/web   |       |     4 ||     4
  Eat: Chunk             |       |     7 ||     7
Armor: Leather armour    |    28 |    22 ||    50
       Skin              |     1 |       ||     1
Dodge: Dodged            |    75 |    88 ||   163
       Rpst.: Long sword |    29 |    27 ||    56

Table legend:
 A = Non-vault XP
 B = Vault XP
 C = Vault XP percentage of total XP
 D = Non-vault monster count
 E = Vault monster count
 F = Vault count percentage of total count
                 A         B        C        D         E       F
            +---------+---------+-------+---------+---------+-------
      Total |     488 |       5 |   1.0 |      72 |       3 |   4.0
            +---------+---------+-------+---------+---------+-------
        D:1 |      51 |       0 |   0.0 |      24 |       0 |   0.0
        D:2 |      93 |       5 |   5.1 |      17 |       3 |  15.0
        D:3 |     179 |       0 |   0.0 |      25 |       0 |   0.0
        D:4 |     165 |       0 |   0.0 |       6 |       0 |   0.0
            +---------+---------+-------+---------+---------+-------
